cohdb
Replays
Latest Replays
All Replays
Popular Replays
Top Player Replays
Match Explorer
How It Works
Community
CoH3 Stats
Reddit
Sign in to upload your games and track your stats! →
Sign in with Steam
Match 42107302
Unlisted
Match 42107302
Overview
Messages
Build Orders
End
Kradschützen Motorcycle Team
Panzerpioneer Squad
250 Light Carrier
Selects Panzerjäger Kommand Battlegroup
Selects Mine Fields
Construct Light Support Kompanie
MG34 Team
Fire Support Elements
Panzerjäger Squad
Panzerpioneer Squad
Flakvierling Half-track
Selects GrB 39 Grenade Launcher Requisition
2.5-tonne Medical Truck
Kradschützen Motorcycle Team
Vehicle Survival Package
[HAN]Diederick Kastner
FD5797
FPCHIEF187
OG-TalibanGangs†er
Scooter
Dylan Il Bellissimo Arrogante
StormblasT
Maknil
0
0
Comments
sign in to comment!
No comments posted yet!